 Dungeon Sprint DCSS version 0.30-a0-42-g806c11bf1d (webtiles) character file.

Game seed: 12920468557531612748

66 Zeldest the Insei (level 4, -1/36 HPs)
             Began as a Vine Stalker Transmuter on Aug 31, 2022.
             Slain by a scorpion (4 damage)
             ... in the Dungeon (Sprint IX: "|||||||||||||||||||||||||||||").
             The game lasted 00:00:19 (40 turns).

Zeldest the Insei (Vine Stalker Transmuter)           Turns: 40, Time: 00:00:19

Health: -1/36      AC:  2    Str: 14    XL:     4   Next: 15%
Magic:  0/8        EV: 12    Int: 13    God:
Gold:   0          SH:  0    Dex: 15    Spells: 6/7 levels left

rFire   . . .      SeeInvis .      - Unarmed
rCold   . . .      Faith    .    (no shield)
rNeg    . . .      Spirit   +    a - +0 robe
rPois   .          Reflect  .    (no helmet)
rElec   .          Harm     .    (no cloak)
rCorr   .          Rampage  .    (no gloves)
Will    .....      NoTele   +    (no boots)
Stlth   ..........               (no amulet)
HPRegen 0.92/turn                (no ring)
MPRegen 0.11/turn                (no ring)

@: berserking, hasted, very quick
A: fangs 2, regeneration 1, magic shield, antimagic bite, no potion heal 2
a: no special abilities


You were in the Dungeon.
You visited 1 branch

Inventory:

Armour
 a - a +0 robe (worn)
Scrolls
 g - a scroll of blinking
Potions
 b - a potion of lignification
 c - a potion of curing
 e - 2 potions of magic


   Skills:
 + Level 3.4 Fighting
 - Level 1.5 Dodging
 * Level 6.2 Unarmed Combat
 - Level 2.1 Spellcasting
 + Level 4.2 Transmutations


You had 6 spell levels left.
You knew the following spells:

 Your Spells              Type           Power      Damage    Failure   Level
a - Beastly Appendage     Tmut           24%        N/A       4%          1

Your spell library contained the following spells:

 Spells                   Type           Power      Damage    Failure   Level
 Wereblood                Tmut           12%        N/A       7%          2
 Spider Form              Tmut/Pois      6%         N/A       30%         3
 Ice Form                 Ice/Tmut       6%         N/A       71%         4


Dungeon Overview and Level Annotations

Branches:
Dungeon (1/1)

Altars:


Innate Abilities, Weirdness & Mutations

You have extremely sharp teeth.
Your natural rate of healing is unusually fast.
When hurt, damage is shared between your health and your magic reserves.
Your bite disrupts and absorbs the magic of your enemies.
Potions cannot restore your health.


Message History

You punch the orc!
You kill the orc!
Your Unarmed Combat skill increases to level 4!
You have reached level 2!
The scorpion closely misses you.
There is an open door, spattered with blood here.
Things that are here:
a +0 whip; a +0 chain mail You barely miss the scorpion.
The scorpion closely misses you.
You hit the scorpion. Your bite misses the scorpion.
The scorpion is moderately wounded.
The scorpion closely misses you.
You hit the scorpion.
The scorpion is heavily wounded.
You closely miss the scorpion.
The scorpion is heavily wounded.
The scorpion closely misses you.
You barely miss the scorpion.
The scorpion is heavily wounded.
The scorpion stings you!
* * * LOW HITPOINT WARNING * * *
You punch the scorpion!
You kill the scorpion!
Your Fighting skill gained 2 levels and is now at level 3!
Your Unarmed Combat skill gained 2 levels and is now at level 6!
Your Transmutations skill gained 2 levels and is now at level 4!
You have reached level 3!
Your experience leads to an increase in your attributes!
Increase (S)trength, (I)ntelligence, or (D)exterity?
You feel stronger. x2
You have reached level 4!
You feel agile.
You begin to heal more quickly.
You barely miss the scorpion. Your bite misses the scorpion.
The scorpion stings you.
* * * LOW HITPOINT WARNING * * *
You punch the scorpion!
The scorpion is heavily wounded.
The scorpion stings you.
You die...

▓.▓
▓.▓
▓†▓
▓†▓
▓.▓
▓.▓
▓.▓
▓.▓
▓@▓
▓s▓
▓l▓
▓.▓
▓Y▓
▓.▓
▓+▓


You could see an ice beast, a scorpion and an iguana.

Vanquished Creatures
  A scorpion (D)
  An orc (D)
  A ball python (D)
  A giant cockroach (D)
  2 hobgoblins (D)
  A bat (D)
7 creatures vanquished.

Notes
Turn   | Place    | Note
-------+----------+-------------------------------------------
     0 | D        | Zeldest the Vine Stalker Transmuter began the quest for the
                  | Orb.
     0 | D        | Reached XP level 1. HP: 9/9 MP: 4/4
     5 | D        | Reached skill level 1 in Fighting
    28 | D        | Noticed a scorpion
    28 | D        | Noticed a scorpion
    28 | D        | Noticed an iguana
    28 | D        | Noticed an ice beast
    32 | D        | Reached skill level 4 in Unarmed Combat
    32 | D        | Reached XP level 2. HP: 7/15 MP: 6/6
    38 | D        | Killed a scorpion
    39 | D        | Reached skill level 6 in Unarmed Combat
    39 | D        | Reached XP level 3. HP: 5/20 MP: 3/7
    39 | D        | Gained mutation: Your natural rate of healing is unusually
                  | fast. [Vine Stalker growth]
    39 | D        | Reached XP level 4. HP: 6/24 MP: 3/8
    40 | D        | Slain by a scorpion

Illustrated notes

Levels and vault maps discovered:
D:        linesprint [early_d, line_temple, items_1, d_10, items_2, lair_1,
          lair_end, items_3, orc_1, orc_end, items_4, d_15, swamp_1, shoals_1,
          snake_1, spider_1, d_20, vaults_1, items_5, swamp_end, shoals_end,
          snake_end, spider_end, vaults_end, d_27, items_6, zot_1, zot_end,
          crypt_end, forest_end, elf_end, slime_end, tomb_end, abyss_end,
          pan_hell_end]

Skill      XL: |  1  2 |
---------------+-------+-----
Fighting       | 1 3 |  3.4
Unarmed Combat | 4 6 |  6.2
Transmutations | 4 |  4.2
Dodging        | |  1.5
Spellcasting   | |  2.1

Action                   |  1- 3 |  4- 6 || total
-------------------------+-------+-------++-------
Melee: Unarmed           |    25 |     2 ||    27
       Bite              |     4 |       ||     4
  Use: Potion            |     2 |       ||     2
Armor: Robe              |     2 |       ||     2
Dodge: Dodged            |    13 |       ||    13

Table legend: (Time is in decaauts)
 A = Elapsed time spent in this place.
 B = Non-inter-level travel time spent in this place.
 C = Inter-level travel time spent in this place.
 D = Time resting spent in this place.
 E = Time spent auto-exploring this place.
 F = Levels seen in this place.
 G = Mean time per level.
                   A        B        C        D        E       F      G
               +--------+--------+--------+--------+--------+-----+--------+
         Total |     34 |     34 |      0 |      0 |      0 |   1 |   34.0 |
       Dungeon |     34 |     34 |      0 |      0 |      0 |   1 |   34.0 |
               +--------+--------+--------+--------+--------+-----+--------+

Top non-repeatable levels by time:
       D: 34 daAuts
